 Dungeon Crawl Stone Soup version 0.29.1-2-gbd0b4ee654 (webtiles) character file.

Game seed: 13051669356655087687

53 jamesblauser the Magician (level 4, 0/31 HPs)
             Began as a Djinni Hedge Wizard on Nov 6, 2022.
             Was a Priest of Elyvilon.
             Slain by a rat (2 damage)
             ... on level 3 of the Dungeon.
             The game lasted 00:13:00 (3778 turns).

jamesblauser the Magician (Djinni Hedge Wizard)     Turns: 3778, Time: 00:13:00

Health: 0/31       AC:  7    Str:  9    XL:     4   Next: 11%
Gold:   84         EV:  9    Int: 15    God:    Elyvilon [***...] SH:  0 Dex: 21

rFire   + + .      SeeInvis .   h - +0 war axe
rCold   x . .      Faith    .   (no shield)
rNeg    . . .      Spirit   .   l - +0 scale mail
rPois   ∞          Reflect  .   c - +0 hat
rElec   .          Harm     .   (no cloak)
rCorr   .          Rampage  .   k - +0 pair of gloves
Will    .....                   (boots unavailable)
Stlth   +.........              (no amulet)
HPRegen 0.10/turn               g - +6 ring of dexterity
MPRegen 0.00/turn               (no ring)

@: flying
A: sickness immunity, fire resistance 2, cold vulnerability 1, float, innate
caster, HP casting, extra vitality 1
a: Renounce Religion, Purification, Heal Other, Heal Self


You were on level 3 of the Dungeon.
You worshipped Elyvilon.
Elyvilon was most pleased with you.
You visited 1 branch of the dungeon, and saw 3 of its levels.

You collected 84 gold pieces.

Inventory:

Hand Weapons
 a - a +0 dagger
 h - a +0 war axe (weapon)
Armour
 b - a +0 robe
 c - a +0 hat (worn)
 e - a +0 ring mail
 k - a +0 pair of gloves (worn)
 l - a +0 scale mail (worn)
Jewellery
 g - a +6 ring of dexterity (left hand)
Scrolls
 f - a scroll of vulnerability
 i - a scroll of silence {unknown}
 m - a scroll of fear {unknown}
Potions
 d - a potion of invisibility
 j - a potion of haste
 n - a potion of lignification {unknown}


   Skills:
 + Level 0.2 Short Blades
 + Level 0.2 Axes
 + Level 0.3 Armour
 + Level 2.4 Dodging
 + Level 1.9 Stealth
 + Level 3.3 Spellcasting


You couldn't memorise any spells.
You knew the following spells:

 Your Spells              Type           Power      Damage    Failure   Level
a - Magic Dart            Conj           48%        1d5       38%         1
b - Blink                 Tloc           24%        N/A       54%         2
c - Call Imp              Summ           12%        N/A       54%         2
d - Slow                  Hex            48%        N/A       38%         1
e - Conjure Flame         Conj/Fire      12%        6-21      77%         3
f - Mephitic Cloud        Conj/Pois/Air  12%        N/A       77%         3
g - Foxfire               Conj/Fire      48%        2x1d6     38%         1
Your spell library was empty.

Dungeon Overview and Level Annotations

Branches:
Dungeon (3/15)

Altars:
Elyvilon


Innate Abilities, Weirdness & Mutations

You are immune to sickness and miasma.
You are immune to poison.
Your flesh is very heat resistant. (rF++)
You are vulnerable to cold. (rC-)
You float through the air rather than walking.
You learn spells naturally, not from books.
Your magical power is your life essence.
You have superior vitality. (+4 MHP)


Message History

A kobold comes into view. It is wielding a +0 dagger.
The kobold shouts!
A quokka comes into view.
A rat comes into view.
Found a stone staircase leading down.
The adder bites you but does no damage. The quokka bites you.
* * * LOW HITPOINT WARNING * * *
The ball python barely misses you. The ball python grabs you.
The ball python constricts you.
The ball python's grasp on you weakens, but your attempt to escape fails.
The adder bites you but does no damage.
The quokka bites you but does no damage.
The ball python closely misses you. The ball python constricts you.
The adder bites you but does no damage.
The kobold throws a stone.
The stone hits you but does no damage.
You escape the ball python's grasp.
The adder attacks as you move away! The adder bites you but does no damage.
The quokka attacks as you move away!
The quokka bites you but does no damage.
The orc hits you but does no damage. The quokka barely misses you.
The orc hits you from afar with a +0 trident.
Elyvilon protects you from harm!
The rat twitches its whiskers.
The kobold hits you with a +0 dagger.
* * * LOW HITPOINT WARNING * * *
The kobold attacks as you move away! The kobold closely misses you.
The rat attacks as you move away! The rat bites you but does no damage.
Found 4 gold pieces.
Found a stone staircase leading down.
The orc attacks as you move away! The orc hits you with a +0 dagger.
* * * LOW HITPOINT WARNING * * *
Found an inky potion.
The rat bites you but does no damage. The rat attacks as you move away!
The rat bites you but does no damage. The quokka barely misses you.
The kobold closely misses you. The kobold attacks as you move away!
The kobold misses you.
Found a plate armour.
The quokka attacks as you move away! The quokka closely misses you.
Found 2 stones.
An endoplasm comes into view.
The rat attacks as you move away! The rat bites you.
You die...

#..>..........#
....###.......# .#
###...o...#
.......S..## #
.......o#..#.####
.......So.K......#
........oo....!..#
.......rr.......#
.......@.##$#####
.......>.# .#
........## ..
(.......# ...
....[.... ...
.........
........J
.........#


You could see an adder, 5 orcs, an endoplasm, a quokka, a ball python, a kobold
and a rat.

Vanquished Creatures
  An adder (D:2)
  A worm (D:2)
  5 ball pythons
  3 endoplasms
  3 giant cockroaches
  3 hobgoblins
  3 jackals (D:2)
  3 kobolds
  2 bats (D:2)
  4 frilled lizards
  8 goblins
  A rat (D:1)
37 creatures vanquished.

Notes
Turn   | Place    | Note
-------+----------+-------------------------------------------
     0 | D:1      | jamesblauser the Djinni Hedge Wizard began the quest for
                  | the Orb.
     0 | D:1      | jamesblauser set off with the following spells memorised:
                  | Magic Dart, Blink, Call Imp, Slow, Conjure Flame, Mephitic
                  | Cloud.
     0 | D:1      | Reached XP level 1. HP: 15/15 MP: 0/0
    75 | D:1      | Found a faded altar of an unknown god.
    81 | D:1      | Prayed at the altar of an unknown god.
    81 | D:1      | Became a worshipper of Elyvilon the Healer
    81 | D:1      | Reached * piety under Elyvilon
   567 | D:1      | Reached XP level 2. HP: 20/21 MP: 0/0
   831 | D:1      | Reached ** piety under Elyvilon
  1752 | D:2      | Reached XP level 3. HP: 7/25 MP: 0/0
  1752 | D:2      | Learned a level 1 spell: Foxfire
  2104 | D:2      | Reached skill level 3 in Spellcasting
  2907 | D:2      | Reached *** piety under Elyvilon
  3109 | D:2      | Reached XP level 4. HP: 20/31 MP: 0/0
  3768 | D:3      | Elyvilon protects you from harm!
  3778 | D:3      | Slain by a rat

Illustrated notes

Levels and vault maps discovered:
D:1:      mrwooster_arrival_arrow, layout_basic,
          dreamdust_ecumenical_altar_angels_and_demons
D:2:      layout_loops_cross, serial_glass, glass_columns_a, glass_columns_a,
          glass_columns_c, chequers_hall_statues_y
D:3:      layout_rooms, mainiacjoe_overflow_catwalk, minivault_23

Skill      XL: |  1  2  3 |
---------------+----------+-----
Spellcasting   | 3 |  3.3
Short Blades   | |  0.2
Axes           | |  0.2
Armour         | |  0.3
Dodging        | |  2.4
Stealth        | |  1.9

Action                   |  1- 3 |  4- 6 || total
-------------------------+-------+-------++-------
Melee: Dagger            |    11 |       ||    11
       War axe           |     6 |    13 ||    19
 Cast: Magic Dart        |    82 |     8 ||    90
  Use: Scroll            |     5 |       ||     5
       Potion            |     3 |       ||     3
Armor: Ring mail         |     7 |       ||     7
       Robe              |     1 |       ||     1
       Scale mail        |     1 |    31 ||    32
Dodge: Dodged            |    31 |    29 ||    60
